 Dungeon Crawl Stone Soup version 0.26.1-11-gd32895ea62 (webtiles) character file.

Game seed: 14547823190102331933

426 dtburroughs the Chopper (level 6, -4/56 HPs)
             Began as a Minotaur Berserker on June 29, 2021.
             Was a Priest of Trog.
             Slain by a wight
             ... wielding a cursed +4 mace of freezing
              (10 damage)
             ... on level 4 of the Dungeon.
             The game lasted 00:03:39 (3868 turns).

dtburroughs the Chopper (Minotaur Berserker)        Turns: 3868, Time: 00:03:39

Health: -4/56      AC:  2    Str: 22    XL:     6   Next: 64%
Magic:  5/5        EV: 13    Int:  6    God:    Trog [***...]
Gold:   133        SH:  0    Dex:  9    Spells: 5/5 levels left

rFire    . . .     SeeInvis .   a - +0 hand axe
rCold    . . .     Faith    .   (no shield)
rNeg     . . .     Spirit   .   b - +0 animal skin
rPois    .         Reflect  .   (helmet restricted)
rElec    .         Harm     .   (no cloak)
rCorr    .         Rampage  .   (no gloves)
Will     .....                  (no boots)
Stlth    +.........             (no amulet)
HPRegen  0.18/turn              (no ring)
MPRegen  0.09/turn              (no ring)

@: berserk cooldown, slowed, very slow
A: retaliatory headbutt, horns 2
a: Renounce Religion, Berserk, Trog's Hand


You were on level 4 of the Dungeon.
You worshipped Trog.
Trog was most pleased with you.
You visited 1 branch of the dungeon, and saw 4 of its levels.

You collected 133 gold pieces.

Inventory:

Hand Weapons
 a - a +0 hand axe (weapon)
Armour
 b - a +0 animal skin (worn)
 k - a +0 chain mail of cold resistance
 u - a scarf of invisibility
Jewellery
 g - a +6 ring of dexterity {unknown}
 q - an uncursed amulet of the acrobat {unknown}
Scrolls
 c - 4 scrolls of identify {unknown}
 m - a scroll of fog {unknown}
 n - a scroll of fear {unknown}
 o - a scroll of remove curse {unknown}
 r - 2 scrolls of immolation {unknown}
 s - a scroll of teleportation {unknown}
 t - 2 scrolls of magic mapping {unknown}
Potions
 d - a potion of curing {unknown}
 e - a potion of attraction {unknown}
 f - a potion of invisibility {unknown}
 h - a potion of haste {unknown}
 i - a potion of mutation {unknown}
 j - a potion of magic {unknown}
 l - 2 potions of flight {unknown}
 p - a potion of heal wounds {unknown}


   Skills:
 + Level 5.4 Fighting
 + Level 5.5 Axes
 + Level 4.7 Armour
 + Level 4.3 Dodging


You had 5 spell levels left.
You didn't know any spells.
Your spell library was empty.

Dungeon Overview and Level Annotations

Branches:
Dungeon (4/15)
 Temple: D:4-7

Altars:
Nemelex Xobeh

Shops:
D:4 (


Innate Abilities, Weirdness & Mutations

You reflexively headbutt those who attack you in melee.
You have a pair of horns on your head.


Message History

You closely miss the wight.
The wight hits you with a cursed +0 flail!
* * * LOW HITPOINT WARNING * * *
You closely miss the wight. You headbutt the wight.
The wight is moderately damaged.
You slash the wight!
You destroy the wight!
Trog accepts your kill.
The wight hits you with a cursed +4 mace of freezing.
* * * LOW HITPOINT WARNING * * *
The wight freezes you.
* * * LOW HITPOINT WARNING * * *
Items here: )) [[.
You barely miss the wight. You headbutt the wight!
The wight is almost destroyed.
You are no longer berserk.
You are exhausted.
You feel yourself slow down.
The wight hits you with a cursed +4 mace of freezing!
You die...

#############
#.
#...........#
#.
#.#########.#
#. #.# #.# #.
#.# #.# #.
#.# #.# #.
#.# #.# #.
#)# #(# #.
### #@#
####.#####.
#...#z#
#.......##.
#z.†W#
#.......##.
#.##.#
#..........
#. .|.
..<..........
.. .#.##
###.......##.
## ...##
#.......##.
.. .
#.......##.
#.. .
##########.


You could see a phantom and a wight.

Vanquished Creatures
  An ice beast (D:4)
  3 wights (D:4)
  2 hounds
  5 adders
  A shadow imp (D:3)
  A worm (D:4)
  5 dart slugs
  3 leopard geckos
  2 orcs (D:4)
  4 giant cockroaches
  10 goblins
  7 hobgoblins
  12 jackals
  4 quokkas
  A ball python skeleton (D:4)
  7 bats
  4 frilled lizards
  7 kobolds
  A leopard gecko skeleton (D:4)
  7 rats
87 creatures vanquished.

Notes
Turn   | Place    | Note
-------+----------+-------------------------------------------
     0 | D:1      | dtburroughs the Minotaur Berserker began the quest for the
                  | Orb.
     0 | D:1      | Reached XP level 1. HP: 19/19 MP: 0/0
   134 | D:1      | Reached XP level 2. HP: 26/27 MP: 1/1
   384 | D:1      | Reached XP level 3. HP: 26/33 MP: 2/2
   602 | D:1      | Reached ** piety under Trog
   792 | D:2      | Found a sparkling altar of Nemelex Xobeh.
  1358 | D:2      | Reached XP level 4. HP: 40/40 MP: 3/3
  2554 | D:4      | Reached XP level 5. HP: 41/47 MP: 4/4
  2632 | D:4      | Found Nuapon's Weapon Emporium.
  2694 | D:4      | Reached *** piety under Trog
  3131 | D:4      | Noticed an ice beast
  3144 | D:4      | Killed an ice beast
  3145 | D:4      | Reached skill level 5 in Fighting
  3145 | D:4      | Reached skill level 5 in Axes
  3145 | D:4      | Reached XP level 6. HP: 26/56 MP: 5/5
  3868 | D:4      | Slain by a wight

Illustrated notes

Levels and vault maps discovered:
D:1:      scummos_arrival_forest, layout_basic
D:2:      layout_rooms, nemelex_xobeh_ov_fountains_minmay,
          grunt_decor_mini_mirrors
D:3:      layout_basic
D:4:      layout_loops_ring, nicolae_overflow_hidden_temple,
          minmay_temple_entry_antechambers, serial_shops,
          nicolae_shop_waterfront, chequers_serial_rivers_large_b

Skill      XL: |  1  2  3  4  5 |
---------------+----------------+-----
Axes           | 4 5 |  5.5
Fighting       | 4 5 |  5.4
Armour         | 3 4 |  4.7
Dodging        | 3 4 |  4.3

Action                   |  1- 3 |  4- 6 || total
-------------------------+-------+-------++-------
Melee: Hand axe          |    84 |   115 ||   199
       Headbutt          |    10 |    10 ||    20
Invok: Berserk           |       |     3 ||     3
       Trog's Hand       |       |     1 ||     1
 Stab: Sleeping          |     1 |       ||     1
Armor: Animal skin       |    19 |     5 ||    24
Dodge: Dodged            |    63 |    82 ||   145
